 Dungeon Crawl Stone Soup version 0.30-a0-605-gb2882149bf (webtiles) character file.

Game seed: 8073617728180724236

265 OTABOTABOTAB the Insei (level 6, -11/47 HPs)
             Began as a Gnoll Transmuter on Jan 7, 2023.
             Was an Initiate of Cheibriados.
             Mangled by a yak (17 damage)
             ... on level 4 of the Dungeon.
             The game lasted 00:05:56 (3127 turns).

OTABOTABOTAB the Insei (Gnoll Transmuter)           Turns: 3127, Time: 00:05:57

Health: -11/47     AC:  3    Str: 13    XL:     6   Next: 20%
Magic:  11/14      EV: 13    Int: 13    God:    Cheibriados [......]
Gold:   106        SH:  0    Dex: 11    Spells: 5/15 levels left

rFire   . . .      SeeInvis .    h - +0 falchion (freeze)
rCold   . . .      Faith    .    (no shield)
rNeg    . . .      Spirit   .    q - +0 robe
rPois   .          Reflect  .    (no helmet)
rElec   .          Harm     .    (no cloak)
rCorr   .          Rampage  .    (no gloves)
Will    .....                    o - +0 pair of boots
Stlth   ++                       (no amulet)
HPRegen 0.27/turn                (no ring)
MPRegen 0.14/turn                (no ring)

@: very slow
A: fangs 1, strong nose, distributed training, clumsy 1
a: Renounce Religion


You were on level 4 of the Dungeon.
You worshipped Cheibriados.
Cheibriados was noncommittal.
You visited 2 branches of the dungeon, and saw 5 of its levels.

You collected 106 gold pieces.

Inventory:

Hand Weapons
 h - a +0 falchion of freezing (weapon)
   (You found it on level 4 of the Dungeon)
Armour
 f - a +0 robe
   (You found it on level 4 of the Dungeon)
 j - a +0 leather armour
   (You took it off an orc on level 4 of the Dungeon)
 l - a +0 leather armour
   (You took it off an orc on level 4 of the Dungeon)
 o - a +0 pair of boots (worn)
   (You found it on level 2 of the Dungeon)
 p - a +0 robe
   (You found it on level 3 of the Dungeon)
 q - a +0 robe (worn)
   (You found it on level 2 of the Dungeon)
Magical Staves
 s - a staff of death {rN+}
   (You found it on level 4 of the Dungeon)
Jewellery
 g - an amulet of guardian spirit {Spirit}
   (You found it on level 1 of the Dungeon)
Scrolls
 a - a scroll of enchant weapon
 i - a scroll of noise {!r}
 m - a scroll of identify
Potions
 b - a potion of lignification {!q}
 c - a potion of cancellation
 d - 2 potions of degeneration {!q}
 e - a potion of mutation {!q}
 k - a potion of resistance


   Skills:
 + Level 3.2 Fighting
 + Level 1.9 Short Blades
 + Level 1.9 Long Blades
 + Level 1.9 Axes
 + Level 1.9 Maces & Flails
 + Level 1.9 Polearms
 + Level 1.9 Staves
 + Level 1.9 Ranged Weapons
 + Level 1.9 Throwing
 + Level 1.9 Armour
 + Level 5.0 Dodging
 + Level 1.9 Stealth
 + Level 1.9 Shields
 + Level 6.8 Unarmed Combat
 + Level 5.3 Spellcasting
 + Level 1.5 Conjurations
 + Level 1.5 Hexes
 + Level 1.5 Summonings
 + Level 1.5 Necromancy
 + Level 1.5 Translocations
 + Level 4.1 Transmutations
 + Level 1.5 Fire Magic
 + Level 1.5 Ice Magic
 + Level 1.5 Air Magic
 + Level 1.5 Earth Magic
 + Level 1.5 Poison Magic
 + Level 2.1 Invocations
 + Level 1.9 Evocations


You had 5 spell levels left.
You knew the following spells:

 Your Spells              Type           Power      Damage    Failure   Level
a - Beastly Appendage     Tmut           28%        N/A       3%          1
b - Wereblood             Tmut           14%        N/A       4%          2
c - Spider Form           Tmut/Pois      10%        N/A       17%         3
d - Ice Form              Ice/Tmut       10%        N/A       50%         4

Your spell library contained the following spells:

 Spells                   Type           Power      Damage    Failure   Level
 Sublimation of Blood     Necr           7%         N/A       14%         2
 Petrify                  Tmut/Erth      10%        N/A       50%         4
 Irradiate                Conj/Tmut      5%         3d13      85%         5


Dungeon Overview and Level Annotations

Branches:
Dungeon (4/15)             Temple (1/1) D:4

Altars:
Ashenzari
Cheibriados
Dithmenos
Okawaru
Qazlal
Ru
Wu Jian
Zin


Innate Abilities, Weirdness & Mutations

You have very sharp teeth.
Your uncanny sense of smell can sniff out nearby items.
Your experience applies equally to all skills.
You are clumsy. (Dex -2)


Message History

You slash the orc! You freeze the orc.
You kill the orc!
Cheibriados thoroughly appreciates the change of pace.
You slash the orc! You freeze the orc.
You kill the orc!
Cheibriados thoroughly appreciates the change of pace.
No target in view!
Unknown command.
j - a +0 leather armour
Things that are here:
a +0 club; an orc corpse
l - a +0 leather armour;
m - a scroll of identify
Things that are here:
a +0 flail; a +0 hand axe; an orc corpse An orc comes into view.
It is wielding a +0 flail.
You see here a javelin.
An orc is nearby!
No target in view!
No target in view!
Unknown command.
n - a javelin
Things that are here:
a +0 flail; a +0 hand axe; an orc corpse
Things that are here:
a +0 club; an orc corpse
s - a staff of death {rN+}
Things that are here:
a +0 club; an orc corpse You now have 106 gold pieces (gained 15).
A hobgoblin comes into view.
The hobgoblin shouts!
You throw a javelin.
The javelin pierces through the hobgoblin!
You kill the hobgoblin!
Cheibriados appreciates the change of pace.
A yak comes into view.
The yak bellows!
You hear a shout!
You hear two shouts!
You hear a shout!
You hear a shout! x2
The yak snorts and paws the ground.
The yak gores you.
You take 5 damage, and have 42/47 hp.
You hit the yak but do no damage. The yak closely misses you.
Unknown command.
Okay, then.
Unknown command.
You miscast Spider Form.
You are very lightly contaminated with residual magic.
Nothing appears to happen.
The yak gores you.
You take 1 damage, and have 41/47 hp.
You now have 11/14 mp.
You turn into a venomous arachnid creature.
Your +0 falchion of freezing melds into your body.
Your +0 pair of boots melds into your body.
Your +0 robe melds into your body.
Your +0 falchion of freezing stops glowing.
The yak barely misses you.
You now have 8/14 mp.
You hit the yak but do no damage.
The yak is poisoned.
The yak gores you!
You take 7 damage, and have 34/47 hp.
You hit the yak but do no damage.
The yak looks as sick as possible!
The yak gores you!
You take 15 damage, and have 19/47 hp.
MASSIVE DAMAGE!!
You completely miss the yak. The yak closely misses you.
You completely miss the yak. The yak gores you!
* * * LOW HITPOINT WARNING * * *
You take 16 damage, and have 3/47 hp.
MASSIVE DAMAGE!!
It was a potion of mutation.
You feel extremely strange.
You feel clumsy. The yak misses you.
Your magical contamination has completely faded away.
Unknown command.
It was a potion of curing.
You feel better. The yak completely misses you.
You regained 10 hp, and now have 14/47 hp.
A two-headed ogre comes into view.
It is wielding a +0 giant spiked club and a +0 giant club.
The yak gores you!
* * * LOW HITPOINT WARNING * * *
You see here a +0 whip.
You take 7 damage, and have 8/47 hp.
The yak attacks as you move away! The yak misses you.
The yak attacks as you move away! The yak barely misses you.
The yak attacks as you move away! The yak completely misses you.
Your transformation is almost over.
The yak completely misses you.
Okay, then.
You hit the yak but do no damage.
The yak looks as sick as possible!
The yak closely misses you.
You hit the yak but do no damage.
The yak looks as sick as possible!
The yak misses you. The yak attacks as you move away! The yak gores you.
* * * LOW HITPOINT WARNING * * *
The yak closely misses you.
You take 5 damage, and have 5/47 hp.
Your transformation has ended.
Your +0 falchion of freezing unmelds from your body.
Your +0 pair of boots unmelds from your body.
Your +0 robe unmelds from your body.
Your +0 falchion of freezing glows with a cold blue light!
The yak attacks as you move away! The yak gores you!
You die...

#### ### # ..# #.. #.
#.#####.##
####.###.........
#.......Y@.....#
..#....######.########.
####.# #.......... #O#
#.########. #.# #)# #.#
#)# #.# #.#######. #
##.## #.).......
...####.).#####.......##


You could see a yak (very poisoned).

Vanquished Creatures
  Sigmund (D:2)
  Natasha (D:4)
  2 adders
  3 worms
  A dart slug (D:2)
  4 orcs (D:4)
  7 ball pythons
  6 endoplasms
  A goblin (D:1)
  4 hobgoblins
  5 kobolds
  2 quokkas
  2 bats (D:1)
  3 frilled lizards
  6 rats
48 creatures vanquished.

Notes
Turn   | Place    | Note
-------+----------+-------------------------------------------
     0 | D:1      | OTABOTABOTAB the Gnoll Transmuter began the quest for the
                  | Orb.
     0 | D:1      | Reached XP level 1. HP: 17/17 MP: 6/6
   195 | D:1      | Reached XP level 2. HP: 22/23 MP: 7/7
   200 | D:1      | Found a faded altar of an unknown god.
   697 | D:2      | Reached skill level 5 in Spellcasting
   697 | D:2      | Reached XP level 3. HP: 21/28 MP: 7/9
   785 | D:2      | Reached skill level 1 in Invocations
   793 | D:2      | Noticed Sigmund
  1290 | D:2      | Reached skill level 1 in Short Blades
  1290 | D:2      | Reached skill level 1 in Long Blades
  1290 | D:2      | Reached skill level 1 in Axes
  1290 | D:2      | Reached skill level 1 in Maces & Flails
  1290 | D:2      | Reached skill level 1 in Polearms
  1290 | D:2      | Reached skill level 1 in Staves
  1290 | D:2      | Reached skill level 1 in Ranged Weapons
  1290 | D:2      | Reached skill level 1 in Throwing
  1290 | D:2      | Reached skill level 1 in Armour
  1290 | D:2      | Reached skill level 1 in Stealth
  1290 | D:2      | Reached skill level 1 in Shields
  1290 | D:2      | Reached skill level 1 in Evocations
  1516 | D:2      | Killed Sigmund
  1517 | D:2      | Reached skill level 3 in Fighting
  1517 | D:2      | Reached skill level 1 in Conjurations
  1517 | D:2      | Reached skill level 1 in Hexes
  1517 | D:2      | Reached skill level 1 in Summonings
  1517 | D:2      | Reached skill level 1 in Necromancy
  1517 | D:2      | Reached skill level 1 in Translocations
  1517 | D:2      | Reached skill level 4 in Transmutations
  1517 | D:2      | Reached skill level 1 in Fire Magic
  1517 | D:2      | Reached skill level 1 in Ice Magic
  1517 | D:2      | Reached skill level 1 in Air Magic
  1517 | D:2      | Reached skill level 1 in Earth Magic
  1517 | D:2      | Reached skill level 1 in Poison Magic
  1517 | D:2      | Reached skill level 2 in Invocations
  1517 | D:2      | Reached XP level 4. HP: 34/35 MP: 9/11
  1517 | D:2      | Reached XP level 5. HP: 39/41 MP: 9/12
  1545 | D:2      | Learned a level 2 spell: Wereblood
  1549 | D:2      | Learned a level 3 spell: Spider Form
  1554 | D:2      | Learned a level 4 spell: Ice Form
  2426 | D:3      | Reached XP level 6. HP: 47/47 MP: 13/13
  2841 | D:4      | Noticed Natasha
  2843 | D:4      | Killed Natasha
  2954 | D:4      | Found a staircase to the Ecumenical Temple.
  2965 | Temple   | Entered the Ecumenical Temple
  3015 | Temple   | Became a worshipper of Cheibriados the Contemplative
  3066 | D:4      | Reached skill level 5 in Dodging
  3099 | D:4      | Noticed a yak
  3110 | D:4      | HP: 3/47 [yak (16)]
  3111 | D:4      | Gained mutation: You are clumsy. (Dex -2) [potion of
                  | mutation]
  3113 | D:4      | Noticed a two-headed ogre
  3115 | D:4      | HP: 8/47 [yak (7)]
  3124 | D:4      | HP: 4/47 [yak (6)]
  3127 | D:4      | Mangled by a yak

Illustrated notes

Levels and vault maps discovered:
D:1:      dpeg_arrival_tiny_k, layout_loops_ring, ebering_ecumenical_altar_box
D:2:      layout_basic, hangedman_decor_push, grunt_ministairs_4, uniq_sigmund
D:3:      layout_basic
D:4:      layout_loops_ring, minmay_temple_entry_statues_fountains,
          minmay_manual_moon, uniq_natasha
Temple:   nicolae_temple_slightly_damp_pantheon

Skill      XL: |  1  2  3  4  5  6 |
---------------+-------------------+-----
Spellcasting   | 5 |  5.3
Invocations    | 2 |  2.1
Short Blades   | 1 |  1.9
Long Blades    | 1 |  1.9
Axes           | 1 |  1.9
Maces & Flails | 1 |  1.9
Polearms       | 1 |  1.9
Staves         | 1 |  1.9
Ranged Weapons | 1 |  1.9
Throwing       | 1 |  1.9
Armour         | 1 |  1.9
Stealth        | 1 |  1.9
Shields        | 1 |  1.9
Evocations     | 1 |  1.9
Fighting       | 3 |  3.2
Conjurations   | 1 |  1.5
Hexes          | 1 |  1.5
Summonings     | 1 |  1.5
Necromancy     | 1 |  1.5
Translocations | 1 |  1.5
Transmutations | 4 |  4.1
Fire Magic     | 1 |  1.5
Ice Magic      | 1 |  1.5
Air Magic      | 1 |  1.5
Earth Magic    | 1 |  1.5
Poison Magic   | 1 |  1.5
Dodging        | 5 |  5.0
Unarmed Combat | |  6.8

Action                   |  1- 3 |  4- 6 || total
-------------------------+-------+-------++-------
Melee: Unarmed           |    78 |     6 ||    84
       Bite              |     9 |     2 ||    11
       Punch             |     2 |       ||     2
       Dagger            |    13 |    13 ||    26
       Kick              |     3 |       ||     3
       Headbutt          |     1 |       ||     1
       Falchion          |       |    10 ||    10
Throw: Javelin           |     9 |    18 ||    27
 Cast: Beastly Appendage |     2 |     1 ||     3
       Spider Form       |       |     1 ||     1
  Use: Scroll            |       |     9 ||     9
       Potion            |       |     2 ||     2
 Stab: Sleeping          |     1 |       ||     1
Armor: Robe              |     9 |     3 ||    12
Dodge: Dodged            |    55 |    22 ||    77

Table legend: (Time is in decaauts)
 A = Elapsed time spent in this place.
 B = Non-inter-level travel time spent in this place.
 C = Inter-level travel time spent in this place.
 D = Time resting spent in this place.
 E = Time spent auto-exploring this place.
 F = Levels seen in this place.
 G = Mean time per level.
                   A        B        C        D        E       F      G
               +--------+--------+--------+--------+--------+-----+--------+
         Total |   3140 |   3010 |    130 |    302 |   2251 |   5 |  628.0 |
       Dungeon |   3062 |   2957 |    105 |    302 |   2216 |   4 |  765.5 |
        Temple |     78 |     53 |     25 |      0 |     35 |   1 |   78.0 |
               +--------+--------+--------+--------+--------+-----+--------+

Top non-repeatable levels by time:
     D:3: 1222 daAuts
     D:2: 906 daAuts
     D:1: 663 daAuts
     D:4: 270 daAuts
  Temple: 78 daAuts

Table legend:
 A = Kills in this place as a percentage of kills in entire the game.
 B = Kills by you in this place as a percentage of kills by you in the entire game.
 C = Kills by friends in this place as a percentage of kills by friends in the entire game.
 D = Other kills in this place as a percentage of other kills in the entire game.
 E = Experience gained in this place as a percentage of experience gained in the entire game.
 F = Experience gained in this place divided by the number of levels of this place that you have seen.
                   A       B       C       D       E      F
               +-------+-------+-------+-------+-------+----------------------
         Total | 100.0 | 100.0 |   N/A |   N/A | 100.0 |  75.8
       Dungeon | 100.0 | 100.0 |   N/A |   N/A | 100.0 |  94.8
               +-------+-------+-------+-------+-------+----------------------
